AoeStats
← Thyphon06

Nomad

504730319Analyzed
4v4 RM · 27d ago on Sep 6, 2026· 47m 39s· 8 players
Game mode
Random Map
Map size
231×231
Population
200
Speed
Normal
Resources
Standard
Victory
Conquest
Starting age
Dark Age
Ending age
Imperial Age
RankedLock teamsTeams togetherTeam positionsShared explorationLock speedFull tech treeHidden civsTurbo modeCheats
Victory
Defeat
🇨🇳 Wei · China
1338
+12
🇨🇳 Franks · China
1330
+12
🇩🇪 Malay · Germany
1293
+14
🇨🇳 Hindustanis · China
1283
+14
🇫🇷 Lithuanians · France
1319
-15
🇹🇷 Cumans · Türkiye
1232
-13
🇹🇷 Japanese · Türkiye
1226
-12
🇺🇦 Ethiopians · Ukraine
1223
-12
菜鸟的春天
6:17 Loom
13:10 Feudal Age
14:10 Town Watch
15:57 Double-Bit Axe
18:37 Castle Age
16:24 Horse Collar
18:25 Town Watch
19:10 Gold Mining
19:38 Bow Saw
20:02 Heavy Plow
23:18 Scale Barding Armor
23:29 Forging
26:12 Wheelbarrow
31:36 Imperial Age
29:49 Chain Barding Armor
29:31 Husbandry
29:42 Bloodlines
30:10 Iron Casting
30:54 Gold Shaft Mining
30:39 Stone Mining
31:32 Hand Cart
31:28 Grand Trunk Road
32:49 Conscription
32:03 Heavy Camel Rider
33:44 Plate Barding Armor
34:48 Blast Furnace
36:13 Fletching
37:32 Chemistry
36:16 Imperial Camel Rider
40:26 Two-Man Saw
39:58 Light Cavalry
41:10 Ballistics
42:09 Stone Shaft Mining
41:24 Town Watch
42:22 Bodkin Arrow
42:28 Padded Archer Armor
43:15 Town Patrol
43:17 Bracer
42:42 Hussar
44:18 Leather Archer Armor
44:06 Squires
43:52 Arson
44:09 Murder Holes
46:07 Ring Archer Armor
45:39 Scale Mail Armor
45:01 Pikeman
45:02 Man-at-Arms
45:46 Shatagni
46:22 Hoardings
45:09 Elite Ghulam
47:31 Elite Cannon Galleon
mia
4:57 Loom
13:22 Feudal Age
13:58 Double-Bit Axe
15:27 Fishing Lines
18:06 Castle Age
16:28 Gold Mining
17:23 Scale Barding Armor
18:17 Forging
19:12 Bow Saw
21:47 Chain Barding Armor
26:25 Wheelbarrow
28:18 Husbandry
29:58 Iron Casting
34:46 Imperial Age
33:17 Hand Cart
35:02 Town Watch
34:57 Cavalier
36:13 Plate Barding Armor
36:38 Blast Furnace
36:19 Conscription
36:51 Paladin
38:51 Gold Shaft Mining
38:06 Stone Mining
39:31 Chivalry
40:46 Devotion
41:51 Hoardings
42:21 Chemistry
41:41 Ballistics
41:16 Murder Holes
41:32 Masonry
45:11 Town Patrol
WING123456
3:11 Loom
15:15 Feudal Age
19:40 Castle Age
17:47 Double-Bit Axe
19:18 Gold Mining
19:36 Scale Barding Armor
20:05 Bloodlines
23:59 Horse Collar
24:43 Forging
29:27 Wheelbarrow
36:45 Tuntian
42:00 Bow Saw
[Tav]AirShogun
4:01 Loom
15:08 Feudal Age
20:56 Castle Age
20:52 Medium Warships
22:05 Horse Collar
22:58 Heavy Plow
24:43 Double-Bit Axe
29:31 Wheelbarrow
34:53 Imperial Age
32:34 Padded Archer Armor
32:14 Crossbowman
33:19 Bow Saw
33:53 Thumb Ring
34:06 Leather Archer Armor
33:44 Fletching
35:15 Conscription
35:09 Gold Mining
35:15 Arbalester
35:55 Bodkin Arrow
36:52 Hand Cart
37:37 Ballistics
38:29 Chemistry
38:55 Ring Archer Armor
38:26 Bracer
38:23 Town Watch
48:39 Gold Shaft Mining
Skyle
7:50 Loom
14:11 Feudal Age
14:38 Fishing Lines
18:38 Castle Age
17:06 Double-Bit Axe
17:02 Horse Collar
19:55 Medium Warships
20:15 Bow Saw
20:55 Wheelbarrow
20:50 Heavy Plow
21:51 Gillnets
23:09 Hand Cart
25:27 Forging
25:42 Town Watch
28:01 Town Patrol
28:17 Scale Mail Armor
29:43 Iron Casting
29:24 Chain Mail Armor
29:51 Fletching
30:42 Crossbowman
31:28 Thumb Ring
32:37 Bodkin Arrow
32:42 Padded Archer Armor
37:32 Imperial Age
36:29 Ballistics
37:32 Leather Archer Armor
37:22 Scale Barding Armor
37:53 Squires
38:32 Bracer
39:04 Ring Archer Armor
39:35 Blast Furnace
39:47 Chemistry
39:28 Conscription
39:14 Halberdier
41:01 Plate Mail Armor
40:22 Arbalester
Götçü Baba Türbesi
5:33 Loom
14:52 Feudal Age
16:29 Double-Bit Axe
18:00 Horse Collar
21:09 Castle Age
20:57 Scale Barding Armor
22:15 Bow Saw
24:40 Bloodlines
25:24 Chain Barding Armor
26:22 Wheelbarrow
29:30 Gold Mining
33:22 Imperial Age
31:03 Heavy Plow
32:36 Fletching
32:59 Forging
36:40 Gold Shaft Mining
37:20 Plate Barding Armor
Jean Suir
12:38 Feudal Age
18:48 Castle Age
16:55 Double-Bit Axe
17:36 Bloodlines
17:53 Scale Barding Armor
20:53 Forging
23:22 Husbandry
25:03 Chain Barding Armor
25:34 Devotion
25:39 Horse Collar
25:51 Gold Mining
30:09 Wheelbarrow
30:27 Iron Casting
33:07 Loom
34:31 Stone Mining
39:09 Imperial Age
Thyphon06
3:55 Loom
15:15 Feudal Age
15:49 Double-Bit Axe
17:29 Wheelbarrow
20:10 Gold Mining
21:36 Horse Collar
25:53 Castle Age
23:47 Fletching
23:57 Padded Archer Armor
25:10 Fishing Lines
26:11 Stone Mining
26:55 Medium Warships
26:42 Gillnets
27:32 Bow Saw
29:32 Scale Mail Armor
29:42 Forging
30:16 Squires
30:04 Arson
30:37 Hand Cart
31:01 Gold Shaft Mining
33:38 Iron Casting
33:18 Chain Mail Armor
36:45 Imperial Age
35:00 Ballistics
38:23 Murder Holes
39:18 Chain Mail Armor
Connection lost

Rejoining the realm…

Still unreachable

The connection could not be restored.

Session expired

The server has moved on; the page needs a fresh start.